[Event "ICCopen2017"]
[Site "Internet Chess Club"]
[Date "2017.03.19"]
[Round "11"]
[White "RebelJohnny"]
[Black "hecan58"]
[Result "0-1"]
[ICCResult "White checkmated"]
[WhiteElo "2021"]
[BlackElo "1521"]
[Opening "Bird's opening"]
[ECO "A02"]
[NIC "VO.07"]
[Time "21:14:00"]
[TimeControl "180+0"]

1. f4 d6 2. Nf3 g6 3. e4 Bg7 4. d4 a6 5. Nc3 b5 6. Bd3 Bb7 7. O-O Nd7 8. Qe2
c5 9. d5 c4 10. Bxc4 bxc4 11. Qxc4 Rc8 12. Qe2 Ngf6 13. Be3 Ng4 14. Bd4 O-O
15. e5 Qa5 16. h3 Nh6 17. e6 Nf6 18. exf7+ Nxf7 19. Qxe7 Rc7 20. Qe6 Bxd5
21. Nxd5 Qxd5 22. Rfe1 Qxe6 23. Rxe6 Nd5 24. Bxg7 Kxg7 25. c3 Nxf4 26. Re4
Nd3 27. Re2 Nfe5 28. Rd1 Nxf3+ 29. gxf3 Rxf3 30. Red2 Nf4 31. Rxd6 Rxh3 32.
Rxa6 Re7 33. Rad6 Re2 34. R6d2 Rhh2 35. Rxe2 Rxe2 36. Rd7+ Kh6 37. Rb7 Nd3
38. b4 Rxa2 39. c4 Rc2 40. Rc7 Nxb4 41. Kf1 Nd3 42. Kg1 Kg5 43. Rxh7 Rxc4
44. Rg7 Rc2 45. Rg8 Ne5 46. Re8 Nf3+ 47. Kf1 Kg4 48. Rg8 g5 49. Rf8 Kg3 50.
Rf4 Rf2# {White checkmated} 0-1

[Event "ICCopen2017"]
[Site "Internet Chess Club"]
[Date "2017.03.19"]
[Round "11"]
[White "Heian"]
[Black "RockyTop"]
[Result "1-0"]
[ICCResult "Black resigns"]
[WhiteElo "1510"]
[BlackElo "1553"]
[Opening "Sicilian defense"]
[ECO "B40"]
[NIC "SI.43"]
[Time "21:14:43"]
[TimeControl "180+0"]

1. e4 c5 2. Nf3 e6 3. c3 Nf6 4. e5 Nd5 5. d4 cxd4 6. cxd4 Nc6 7. Nc3 Nxc3 8.
bxc3 d6 9. exd6 Bxd6 10. Bd3 h6 11. Bc2 b5 12. Qd3 b4 13. c4 Bd7 14. O-O a5
15. d5 Ne5 16. Qe2 Nxf3+ 17. Qxf3 O-O 18. Qe4 f5 19. Qd3 exd5 20. Qxd5+ Kh8
21. Qxd6 Rf6 22. Qd5 Bc6 23. Qxd8+ Rxd8 24. Be3 Rg6 25. g3 Rf8 26. Bf4 Re6
27. Rfe1 Ref6 28. Rad1 Kg8 29. Rd6 Rxd6 30. Bxd6 g5 31. c5 f4 32. Bxf8 Kxf8
33. gxf4 Kf7 34. fxg5 {Black resigns} 1-0

[Event "ICCopen2017"]
[Site "Internet Chess Club"]
[Date "2017.03.19"]
[Round "11"]
[White "MasterMind"]
[Black "VrloJakMK"]
[Result "1-0"]
[ICCResult "Black resigns"]
[WhiteElo "1821"]
[BlackElo "2006"]
[Opening "King's Indian: 6.Be2"]
[ECO "E91"]
[NIC "KI.19"]
[Time "21:14:14"]
[TimeControl "180+0"]

1. Nf3 Nf6 2. c4 g6 3. Nc3 Bg7 4. e4 O-O 5. d4 d6 6. Be2 Nc6 7. d5 Nb8 8.
Bg5 Nbd7 9. Nd2 Re8 10. Qc2 a5 11. O-O Nc5 12. b3 c6 13. Rfe1 Qc7 14. a3
cxd5 15. exd5 Bf5 16. Qb2 Nfe4 17. Ndxe4 Nxe4 18. Bd2 Nxd2 19. Qxd2 Qb6 20.
Bd1 Bd7 21. Rc1 Qc5 22. a4 Rac8 23. Bc2 Bxc3 24. Qxc3 Qxd5 25. Be4 Qc5 26.
Bxb7 Rb8 27. Ba6 Rb4 28. Re3 e6 29. Rd3 Bc6 30. Qd2 Rd8 31. h3 d5 32. cxd5
Qxc1+ 33. Qxc1 Bxd5 34. Bc4 Rc8 35. Rc3 Bb7 36. Kh1 Rd8 37. Kh2 Rb6 38. Rd3
Rc8 39. Qd2 Rb4 40. Rd8+ Rxd8 41. Qxd8+ Kg7 42. Qxa5 Rxc4 43. bxc4 Be4 44.
Qe5+ f6 45. Qxe4 {Black resigns} 1-0

[Event "ICCopen2017"]
[Site "Internet Chess Club"]
[Date "2017.03.19"]
[Round "11"]
[White "INDIAN-ELEPHANT"]
[Black "penguingm1"]
[Result "1-0"]
[ICCResult "Black resigns"]
[WhiteElo "2795"]
[BlackElo "2870"]
[Opening "Catalan: closed, 5.Nf3"]
[ECO "E06"]
[NIC "CA.05"]
[Time "21:13:55"]
[TimeControl "180+0"]

1. d4 d5 2. Nf3 Nf6 3. c4 e6 4. g3 Be7 5. Bg2 O-O 6. O-O dxc4 7. Qc2 a6 8.
a4 Bd7 9. Qxc4 Bc6 10. Bf4 Bd6 11. Qc1 Nbd7 12. Nc3 Qe7 13. Re1 Bxf4 14.
gxf4 Nb6 15. a5 Nc4 16. Ne5 Bxg2 17. Kxg2 Nxe5 18. fxe5 Nd7 19. Qf4 c5 20.
e3 Rfd8 21. Ne4 cxd4 22. exd4 Nf8 23. Nd6 Ng6 24. Qg3 f6 25. Rad1 Rf8 26.
Kh1 fxe5 27. dxe5 Rf4 28. Re4 Rxe4 29. Nxe4 Qb4 30. Ng5 Qa4 31. Rg1 Qc6+ 32.
f3 Rf8 33. Qh3 h6 34. Qxe6+ Qxe6 35. Nxe6 Rxf3 36. Rxg6 Kf7 37. Rxg7+ Kxe6
38. Rxb7 Kxe5 39. Rb6 Rf1+ 40. Kg2 Rb1 41. b4 h5 42. Kg3 Kf5 43. Kh4 Rb2 44.
h3 Rb3 45. Rxa6 Rxb4+ 46. Kxh5 Rb8 47. Kh4 Kf4 48. Rh6 Ra8 49. a6 Kf5 50.
Rb6 Kf4 51. Rf6+ Ke5 52. Kg5 Rg8+ 53. Rg6 Rh8 54. h4 Rf8 55. h5 Rf5+ 56. Kh6
Rf8 57. Kg7 Ra8 58. h6 Ra7+ 59. Kg8 Kf5 60. Rb6 Kg5 61. h7 Ra8+ 62. Kg7 Ra7+
63. Rb7 Rxa6 64. h8=Q Rg6+ 65. Kf7 Ra6 66. Qe5+ Kg4 67. Qe2+ {Black resigns}
1-0

[Event "ICCopen2017"]
[Site "Internet Chess Club"]
[Date "2017.03.19"]
[Round "11"]
[White "Koval"]
[Black "Ricardov"]
[Result "1-0"]
[ICCResult "Black resigns"]
[WhiteElo "1944"]
[BlackElo "2188"]
[Opening "Queen's pawn game"]
[ECO "D00"]
[NIC "QP.07"]
[Time "21:14:45"]
[TimeControl "180+0"]

1. d4 Nf6 2. Nc3 d5 3. f3 c5 4. e4 cxd4 5. Qxd4 Nc6 6. Bb5 dxe4 7. Qxd8+
Kxd8 8. Bf4 exf3 9. Nxf3 e5 10. O-O-O+ Kc7 11. Nxe5 Nxe5 12. Bxe5+ Kb6 13.
Bxf6 gxf6 14. Bc4 Be6 15. Bd3 Bc5 16. Na4+ Kc6 17. Be4+ Kb5 18. Nxc5 Kxc5
19. Bxb7 Rab8 20. Bf3 h5 21. Rd3 h4 22. Rhd1 Rb4 23. a3 Rf4 24. Rc3+ Kb5 25.
Rd6 h3 26. g3 Rf5 27. Bc6+ Ka5 28. b4+ Kb6 29. Be4+ Kb5 30. Bxf5 Bxf5 31.
Rc5+ {Black resigns} 1-0

[Event "ICCopen2017"]
[Site "Internet Chess Club"]
[Date "2017.03.19"]
[Round "11"]
[White "TrendFriend"]
[Black "king-lear"]
[Result "1/2-1/2"]
[ICCResult "Game drawn by repetition"]
[WhiteElo "2399"]
[BlackElo "1970"]
[Opening "Sicilian"]
[ECO "B56"]
[NIC "SI.25"]
[Time "21:14:14"]
[TimeControl "180+0"]

1. e4 c5 2. Nf3 d6 3. Nc3 Nc6 4. d4 cxd4 5. Nxd4 Nf6 6. f4 e5 7. Nf3 Be7 8.
Bd3 O-O 9. O-O exf4 10. Kh1 Be6 11. Bxf4 Rc8 12. Qe2 Qa5 13. a3 Ne5 14. Nxe5
dxe5 15. Bg5 Rfd8 16. h3 Qb6 17. Rab1 a6 18. Qf3 Qc7 19. Rbe1 Ne8 20. Bd2
Nd6 21. Qg3 Nc4 22. Bxc4 Bxc4 23. Rf2 Bc5 24. Be3 Bxe3 25. Qxe3 Be6 26. Qg3
Rd4 27. Re3 Rcd8 28. Kh2 b5 29. Ref3 Qd6 30. Rf6 b4 31. axb4 Qxb4 32. Qxe5
Qxb2 33. Rxe6 fxe6 34. Qxe6+ Kh8 35. Nd5 Qb8+ 36. g3 h6 37. Ne7 Qa8 38. Ng6+
Kh7 39. Qf5 Kg8 40. Ne7+ Kh8 41. Ng6+ Kg8 42. e5 Rd1 43. Ne7+ Kh8 44. Ng6+
Kg8 45. Ne7+ Kh8 46. Ng6+ Kg8 47. Ne7+ Kh8 48. Ng6+ Kg8 49. Ne7+ Kh8 50.
Ng6+ Kg8 51. Ne7+ {Game drawn by repetition} 1/2-1/2

[Event "ICCopen2017"]
[Site "Internet Chess Club"]
[Date "2017.03.19"]
[Round "11"]
[White "knightspirit"]
[Black "ROWLAND"]
[Result "0-1"]
[ICCResult "White resigns"]
[WhiteElo "1273"]
[BlackElo "1467"]
[Opening "Philidor's defense"]
[ECO "C41"]
[NIC "KP.10"]
[Time "21:15:26"]
[TimeControl "180+0"]

1. e4 e5 2. Nf3 d6 3. Bc4 Be7 4. d3 Nf6 5. Nc3 O-O 6. Be3 Nc6 7. h3 Na5 8.
Bb3 Nxb3 9. axb3 a6 10. Qd2 c6 11. g4 Ne8 12. g5 f5 13. exf5 Bxf5 14. h4
Bxd3 15. Nxe5 Bf5 16. Nd3 d5 17. f4 Nd6 18. O-O-O Ne4 19. Qg2 Qa5 20. Nb1
Qa1 21. Ne5 Ba3 22. c3 Nxc3 23. Kd2 Qxb2+ {White resigns} 0-1

[Event "ICCopen2017"]
[Site "Internet Chess Club"]
[Date "2017.03.19"]
[Round "11"]
[White "ural"]
[Black "refid"]
[Result "1-0"]
[ICCResult "Black resigns"]
[WhiteElo "2423"]
[BlackElo "1849"]
[Opening "Grob's attack"]
[ECO "A00"]
[NIC "VO.11"]
[Time "21:14:38"]
[TimeControl "180+0"]

1. g4 e5 2. Bg2 Ne7 3. d4 exd4 4. Nf3 Ng6 5. Nxd4 Nh4 6. Be4 d5 7. Bf5 Nxf5
8. Nxf5 Bxf5 9. gxf5 Be7 10. Nc3 c6 11. Be3 Bg5 12. Qd2 Bxe3 13. Qxe3+ Qe7
14. Qf4 Nd7 15. Rg1 Rg8 16. O-O-O O-O-O 17. e4 Qe5 18. Qxe5 Nxe5 19. exd5
cxd5 20. Nxd5 Nc6 21. c4 Rde8 22. b3 Re2 23. Rd2 Rxd2 24. Kxd2 Kd7 25. Nf6+
gxf6 26. Rxg8 Nd4 27. Rh8 Nxf5 28. Rxh7 Ke6 29. h4 Nd6 30. Rg7 f5 31. h5
Ne4+ 32. Ke3 Kf6 33. h6 Nc5 34. Rg1 Ne6 35. h7 f4+ 36. Kd2 {Black resigns}
1-0

[Event "ICCopen2017"]
[Site "Internet Chess Club"]
[Date "2017.03.19"]
[Round "11"]
[White "Chaos23"]
[Black "Ohanessian"]
[Result "0-1"]
[ICCResult "White resigns"]
[WhiteElo "1906"]
[BlackElo "2105"]
[Opening "Alekhine's defense: exchange variation"]
[ECO "B03"]
[NIC "AL.08"]
[Time "21:14:03"]
[TimeControl "180+0"]

1. e4 Nf6 2. e5 Nd5 3. d4 d6 4. c4 Nb6 5. exd6 cxd6 6. Nc3 g6 7. Be3 Bg7 8.
Rc1 O-O 9. b3 Nc6 10. Be2 Bf5 11. Nf3 Bg4 12. O-O d5 13. c5 Nc8 14. h3 Bxf3
15. Bxf3 e6 16. a3 a5 17. Qd2 N8e7 18. Na4 Nf5 19. Nb6 Ra7 20. Bd1 Nfxd4 21.
b4 axb4 22. axb4 Nf5 23. b5 Nxe3 24. fxe3 Ne5 25. Na4 Nc4 26. Qd3 Bh6 27.
Rxc4 dxc4 28. Qxc4 Bxe3+ 29. Kh1 Qd4 30. Qb3 Rd8 31. b6 Raa8 32. Bc2 Rxa4
33. Qxa4 Qxa4 34. Bxa4 Bxc5 35. Rb1 Rd6 36. Bc2 f5 37. Rb5 Bxb6 38. Bb3 Kf7
39. Kh2 Ke7 40. Kg3 Kd7 41. Ba4 Kc7 42. Rb1 Rd3+ 43. Kh2 Bc5 44. Be8 Bd6+
45. Kg1 e5 46. Bf7 Bc5+ 47. Kh1 e4 48. Bg8 Rd7 49. Rc1 b6 50. Be6 Re7 51.
Kh2 Rxe6 52. Kg3 e3 53. Kf4 e2 54. Re1 Bb4 {White resigns} 0-1

[Event "ICCopen2017"]
[Site "Internet Chess Club"]
[Date "2017.03.19"]
[Round "11"]
[White "COMBINATOR35"]
[Black "Barbos"]
[Result "1-0"]
[ICCResult "Black forfeits on time"]
[WhiteElo "2486"]
[BlackElo "2494"]
[Opening "Sicilian: Canal-Sokolsky attack, 3...Bd7"]
[ECO "B52"]
[NIC "SI.01"]
[Time "21:14:26"]
[TimeControl "180+0"]

1. e4 c5 2. Nf3 d6 3. Bb5+ Bd7 4. Bxd7+ Qxd7 5. O-O Nc6 6. Re1 Nf6 7. c3 e6
8. d4 cxd4 9. cxd4 d5 10. e5 Ne4 11. a3 Be7 12. Qd3 O-O 13. Nbd2 Nxd2 14.
Bxd2 h6 15. h4 Rac8 16. h5 b6 17. Kh1 Na5 18. b3 Qc6 19. Rec1 Qb7 20. Rg1
Qc6 21. Rac1 Qb7 22. g4 f6 23. Rxc8 Qxc8 24. Bc1 Qe8 25. exf6 Bxf6 26. Bd2
Nc6 27. b4 Kh8 28. b5 Nd8 29. Kg2 Nb7 30. Rc1 Nd6 31. Bb4 Be7 32. Ne5 Kg8
33. Ng6 Rf7 34. Rc6 Ne4 35. Nxe7+ Rxe7 36. Bxe7 Qxe7 37. Rc8+ Kf7 38. Qf3+
Nf6 39. Qf4 Qxa3 40. Rc7+ Kg8 41. g5 hxg5 42. Rc8+ Kh7 43. Qxg5 Qd3 44. Rc7
Qe4+ 45. Kh2 Ne8 46. Rc3 Nd6 47. Rg3 Nf5 48. Qg6+ {Black forfeits on time}
1-0

[Event "ICCopen2017"]
[Site "Internet Chess Club"]
[Date "2017.03.19"]
[Round "11"]
[White "FGM21"]
[Black "sravanrenjith"]
[Result "1-0"]
[ICCResult "Black resigns"]
[WhiteElo "1920"]
[BlackElo "1584"]
[Opening "Scotch: Mieses variation"]
[ECO "C45"]
[NIC "SO.04"]
[Time "21:14:05"]
[TimeControl "180+0"]

1. e4 e5 2. Nf3 Nc6 3. d4 exd4 4. Nxd4 Nf6 5. Nxc6 bxc6 6. e5 Nd5 7. Qe2 Be7
8. c4 Nb6 9. b3 O-O 10. Bb2 Re8 11. Nd2 f6 12. f4 d6 13. O-O-O fxe5 14. fxe5
Bg5 15. Kb1 Bf5+ 16. Ka1 dxe5 17. Nf3 Qe7 18. Nxe5 Bf6 19. Qf3 Bc2 20. Re1
Qb4 21. Bd3 Bxe5 22. Rxe5 Rxe5 23. Bxe5 Re8 24. Qg3 Rxe5 25. Qxe5 Bxd3 26.
Rd1 Bg6 27. Qe6+ Bf7 28. Rd8+ {Black resigns} 1-0

[Event "ICCopen2017"]
[Site "Internet Chess Club"]
[Date "2017.03.19"]
[Round "11"]
[White "UkeCat"]
[Black "chessvignesh"]
[Result "1-0"]
[ICCResult "Black forfeits on time"]
[WhiteElo "1120"]
[BlackElo "1182"]
[Opening "Queen's pawn game"]
[ECO "A46"]
[NIC "QP.06"]
[Time "21:14:13"]
[TimeControl "180+0"]

1. d4 Nf6 2. Nf3 Nc6 3. e3 d6 4. Bd3 g6 5. Nbd2 Bg7 6. a3 O-O 7. b3 Re8 8.
Bb2 e5 9. dxe5 dxe5 10. e4 Bg4 11. O-O Qd7 12. Qe1 Rad8 13. h3 Bxh3 14. Ng5
Qg4 15. Nxh3 Nh5 16. Be2 Qh4 17. Nf3 Qg4 18. Nxe5 Qxh3 19. gxh3 Nxe5 20.
Bxh5 gxh5 21. Qe2 Bh6 22. Bxe5 Rxe5 23. Rad1 Rde8 24. f3 Bf4 25. Kg2 Kg7 26.
Qc4 Kf6 27. a4 {Black forfeits on time} 1-0

[Event "ICCopen2017"]
[Site "Internet Chess Club"]
[Date "2017.03.19"]
[Round "11"]
[White "RobbieWilliams"]
[Black "chessrex"]
[Result "0-1"]
[ICCResult "White resigns"]
[WhiteElo "1846"]
[BlackElo "1960"]
[Opening "Queen's pawn: Charlick (Englund) gambit"]
[ECO "A40"]
[NIC "QO.17"]
[Time "21:15:04"]
[TimeControl "180+0"]

1. d4 e5 2. e3 d5 3. dxe5 Nc6 4. f4 f6 5. exf6 Nxf6 6. Nf3 Bc5 7. Bb5 O-O 8.
O-O Qe8 9. Re1 a6 10. Ba4 Qh5 11. h3 Ne4 12. Bxc6 bxc6 13. Ne5 Qxd1 14. Rxd1
Rxf4 15. c4 Be6 16. Nxc6 dxc4 17. Nc3 Nxc3 18. bxc3 Rff8 19. Nd4 Bd5 20. Bd2
Be4 21. Rf1 Rxf1+ 22. Rxf1 Rb8 23. Ne6 Bd6 24. Bc1 Bd3 25. Re1 Rb1 26. Nd4
Ba3 27. Bd2 Rb2 28. Bc1 Rxa2 29. Bxa3 Rxa3 30. Ne6 Rxc3 31. Nxc7 a5 32. e4
Kf7 33. e5 Bf5 34. g4 Be6 35. Kg2 Rc2+ 36. Kg3 a4 37. Ra1 Rc3+ 38. Kf4 a3
39. h4 Ke7 40. g5 g6 41. Nb5 Rh3 42. Nxa3 Rxh4+ 43. Ke3 Rh3+ 44. Kd4 Rd3+
45. Ke4 Rb3 46. Nb5 Rxb5 47. Kd4 Rd5+ 48. Ke3 Rxe5+ 49. Kf4 Rf5+ {White
resigns} 0-1

[Event "ICCopen2017"]
[Site "Internet Chess Club"]
[Date "2017.03.19"]
[Round "11"]
[White "K-Georgiev"]
[Black "Spirals"]
[Result "1-0"]
[ICCResult "Black forfeits on time"]
[WhiteElo "2925"]
[BlackElo "2190"]
[Opening "QGD semi-Slav"]
[ECO "D43"]
[NIC "QP.08"]
[Time "21:14:20"]
[TimeControl "180+0"]

1. d4 d5 2. Nf3 Nf6 3. c4 e6 4. Nc3 c6 5. Bg5 Be7 6. e3 Nbd7 7. Qc2 h6 8.
Bh4 O-O 9. Rd1 b6 10. Be2 Bb7 11. O-O Rc8 12. cxd5 cxd5 13. Qb3 a6 14. a4
Ne4 15. Bg3 Nxg3 16. hxg3 Bd6 17. Bd3 Nf6 18. Rc1 Ne4 19. Bxe4 dxe4 20. Nd2
Bb8 21. Ndxe4 Bxe4 22. Nxe4 Qd7 23. Rc3 Qd5 24. Qxd5 exd5 25. Rfc1 Rcd8 26.
Nd2 Bd6 27. Rc6 Bb4 28. Nf3 b5 29. Rxa6 bxa4 30. Rxa4 Bd6 31. Rc2 Rc8 32.
Rxc8 Rxc8 33. Ra5 Rc1+ 34. Kh2 Rc2 35. Rxd5 Bf8 36. Rd8 g6 37. Ne5 Kg7 38.
f4 Rxb2 39. Rd7 Kg8 40. Rxf7 Bg7 41. Re7 Bf6 42. Re6 Kg7 43. g4 Rb3 44. Nf3
g5 45. Kg3 gxf4+ 46. Kxf4 Rd3 47. g5 hxg5+ 48. Nxg5 Bxg5+ 49. Kxg5 Rd2 50.
g4 {Black forfeits on time} 1-0

[Event "ICCopen2017"]
[Site "Internet Chess Club"]
[Date "2017.03.19"]
[Round "11"]
[White "METALCHESS"]
[Black "geilgambler"]
[Result "1-0"]
[ICCResult "Black checkmated"]
[WhiteElo "1949"]
[BlackElo "1769"]
[Opening "Caro-Kann: advance variation"]
[ECO "B12"]
[NIC "CK.02"]
[Time "21:14:14"]
[TimeControl "180+0"]

1. e4 c6 2. d4 d5 3. e5 g6 4. Nc3 Bg7 5. Nge2 Nh6 6. h3 Na6 7. g4 Nc7 8. Be3
Ne6 9. Qd2 Ng8 10. O-O-O Qa5 11. Kb1 b6 12. Bg2 Ba6 13. f4 Bc4 14. f5 Nc7
15. Rde1 h5 16. Nf4 gxf5 17. gxf5 O-O-O 18. h4 Nb5 19. Bh3 Nxc3+ 20. Qxc3
Qxa2+ 21. Kc1 Kb7 22. Kd2 Qa5 23. Qxa5 bxa5 24. Ra1 Kb6 25. b3 Bb5 26. Rhg1
Bf8 27. e6 fxe6 28. Nxe6 Re8 29. c4 dxc4 30. bxc4 Bxc4 31. d5+ Ka6 32. Nc7+
Kb7 33. Nxe8 cxd5 34. Bg2 Bh6 35. Rgc1 Bxe3+ 36. Kxe3 Ka6 37. Nc7+ Kb6 38.
Nxd5+ Bxd5 39. Bxd5 Nf6 40. Rab1+ Ka6 41. Rc6# {Black checkmated} 1-0

[Event "ICCopen2017"]
[Site "Internet Chess Club"]
[Date "2017.03.19"]
[Round "11"]
[White "NEO2017"]
[Black "FytinFrank"]
[Result "0-1"]
[ICCResult "White forfeits on time"]
[WhiteElo "1715"]
[BlackElo "1865"]
[Opening "Queen's pawn"]
[ECO "A40"]
[NIC "QO.17"]
[Time "21:14:00"]
[TimeControl "180+0"]

1. d4 c6 2. c4 f5 3. Nc3 Nf6 4. g3 e6 5. Bg2 d5 6. b3 Bd6 7. Bb2 O-O 8. Nf3
Nbd7 9. O-O Ne4 10. Ne1 Qf6 11. f3 Nxg3 12. hxg3 Bxg3 13. f4 Qh6 14. Nf3
Bxf4 15. Bc1 Be3+ 16. Rf2 Bxf2+ 17. Kxf2 Qf6 18. Bg5 Qf7 19. Qd2 h6 20. Bh4
Nf6 21. Ne5 Qh5 22. Bg3 Ne4+ 23. Nxe4 fxe4+ 24. Kg1 Rf5 25. Rf1 Rxf1+ 26.
Kxf1 a5 27. a4 b6 28. Nxc6 Ba6 29. Ne5 Rf8+ 30. Kg1 Rf5 31. e3 dxc4 32. bxc4
Rg5 33. Bh2 Qh3 34. Kh1 Qh4 35. Kg1 Bb7 36. Qf2 Qh5 37. Qf1 Rf5 38. Bf4 g5
39. Bh3 gxf4 40. Bxf5 Qxf5 41. Qg2+ Kh7 42. exf4 Ba8 43. Qg3 e3 44. Qxe3
Qb1+ 45. Kf2 Qc2+ 46. Kg3 Qg2+ 47. Kh4 Qh2+ 48. Qh3 Qxf4+ 49. Qg4 Qh2+ 50.
Qh3 Qf2+ {White forfeits on time} 0-1

[Event "ICCopen2017"]
[Site "Internet Chess Club"]
[Date "2017.03.19"]
[Round "11"]
[White "mirpele-murpele"]
[Black "MichailovM"]
[Result "0-1"]
[ICCResult "White resigns"]
[WhiteElo "2608"]
[BlackElo "2218"]
[Opening "French: Winawer, advance variation"]
[ECO "C16"]
[NIC "FR.09"]
[Time "21:15:00"]
[TimeControl "180+0"]

1. e4 e6 2. d4 d5 3. Nc3 Bb4 4. e5 Ne7 5. h4 b6 6. h5 h6 7. Rh3 Ba6 8. Qg4
Nf5 9. Ne2 c5 10. a3 Bxc3+ 11. bxc3 Nc6 12. Qf4 Na5 13. Ng3 Bxf1 14. Nxf5
exf5 15. Kxf1 Qd7 16. Rg3 Kf8 17. a4 Nc4 18. Kg1 a5 19. Be3 Rc8 20. Rb1 Qe6
21. dxc5 bxc5 22. Rb5 Nxe3 23. Qxe3 d4 24. cxd4 cxd4 25. Qxd4 Kg8 26. Rb6
Qe7 27. e6 fxe6 28. Rxe6 Qf7 29. Reg6 Rc7 30. c4 Kh7 31. c5 f4 32. R3g4 f3
33. Qe4 Kg8 34. gxf3 Re7 35. Rxg7+ Qxg7 36. Qxe7 Rh7 37. c6 Qxg4+ 38. fxg4
Rxe7 39. f4 Rc7 40. Kf2 Rxc6 41. Ke3 Rc4 42. g5 Rxa4 43. Kf3 Rb4 44. gxh6 a4
45. Kg4 a3 46. Kg5 a2 47. h7+ Kxh7 {White resigns} 0-1

[Event "ICCopen2017"]
[Site "Internet Chess Club"]
[Date "2017.03.19"]
[Round "11"]
[White "elshaddai"]
[Black "blunder23"]
[Result "1-0"]
[ICCResult "Black forfeits on time"]
[WhiteElo "1676"]
[BlackElo "1442"]
[Opening "Sicilian defense"]
[ECO "B20"]
[NIC "SI.48"]
[Time "21:14:12"]
[TimeControl "180+0"]

1. e4 c5 2. c4 Nc6 3. d3 e5 4. f4 d6 5. Nf3 Bg4 6. Nc3 Nf6 7. Be2 Bxf3 8.
Bxf3 Be7 9. f5 O-O 10. Bg5 a6 11. Qd2 Rb8 12. O-O b5 13. Bxf6 Bxf6 14. Nd5
Nd4 15. Rab1 Bg5 16. Qf2 bxc4 17. dxc4 Rb7 18. Qg3 Bf6 19. h3 a5 20. Kh2 a4
21. a3 Rb3 22. Nxf6+ Qxf6 23. Qe1 Qg5 24. Bd1 Rfb8 25. Bxb3 Rxb3 26. Kh1 h5
27. f6 g6 28. Qa5 Ne2 29. Qd8+ Kh7 30. Qf8 Ng3+ 31. Kh2 Nxf1+ 32. Rxf1 Qg3+
33. Kh1 Qxh3+ 34. gxh3 Rxh3+ 35. Kg2 {Black forfeits on time} 1-0

[Event "ICCopen2017"]
[Site "Internet Chess Club"]
[Date "2017.03.19"]
[Round "11"]
[White "Trinity8"]
[Black "daskapitallesen"]
[Result "1-0"]
[ICCResult "Black checkmated"]
[WhiteElo "1606"]
[BlackElo "1812"]
[Opening "French: Tarrasch, Guimard main line"]
[ECO "C04"]
[NIC "FR.15"]
[Time "21:14:29"]
[TimeControl "180+0"]

1. e4 e6 2. d4 d5 3. Nd2 Nc6 4. Ngf3 Nf6 5. exd5 exd5 6. Bb5 Bd6 7. c4 dxc4
8. Nxc4 O-O 9. Bxc6 bxc6 10. O-O Ba6 11. b3 Bb4 12. Qc2 Re8 13. Bg5 h6 14.
Bd2 Bd6 15. Rfe1 Qd7 16. Nce5 Bxe5 17. dxe5 Nd5 18. Rad1 Qg4 19. Qxc6 Qe6
20. Qxe6 fxe6 21. Rc1 Re7 22. Nd4 Rf8 23. f3 Bb5 24. Nxb5 a6 25. Nd4 Rb8 26.
Nc6 Rb6 27. Nxe7+ Nxe7 28. Rxc7 Nd5 29. Ra7 Kh7 30. Rc1 Kg6 31. h4 Kf5 32.
g4+ Kxe5 33. Re1+ Kd6 34. Rd1 Rc6 35. Rxg7 Rc2 36. f4 Rxa2 37. g5 hxg5 38.
fxg5 Rb2 39. h5 Rxb3 40. h6 Rg3+ 41. Kf2 Rh3 42. h7 Rh2+ 43. Kg3 Rh5 44. g6
a5 45. Ra7 Rf5 46. h8=Q Nf6 47. Qd8+ Ke5 48. Bc3+ Ke4 49. Qd4#
{Black checkmated}
1-0

[Event "ICCopen2017"]
[Site "Internet Chess Club"]
[Date "2017.03.19"]
[Round "11"]
[White "AlonzoMosely"]
[Black "EngHany"]
[Result "1-0"]
[ICCResult "Black checkmated"]
[WhiteElo "2244"]
[BlackElo "1846"]
[Opening "Caro-Kann: Tartakower (fantasy) variation"]
[ECO "B12"]
[NIC "CK.02"]
[Time "21:14:09"]
[TimeControl "180+0"]

1. e4 c6 2. d4 d5 3. f3 dxe4 4. fxe4 e5 5. Nf3 Bg4 6. c3 Nd7 7. Bc4 b5 8.
Bb3 Ngf6 9. O-O Bd6 10. Bg5 O-O 11. Nbd2 h6 12. Bh4 Qb6 13. h3 Bh5 14. Kh1
exd4 15. cxd4 Bxf3 16. Nxf3 Nxe4 17. Qd3 Rae8 18. Rae1 Ng3+ 19. Bxg3 Bxg3
20. Rxe8 Rxe8 21. Ng5 hxg5 22. Bxf7+ Kh8 23. Bxe8 Nf6 24. Qxg3 Qxd4 25. Bg6
Qc4 26. Qb8+ Ng8 27. Rf8 g4 28. Bf7 Qc1+ 29. Kh2 g3+ 30. Kxg3 Qg5+ 31. Kh2
Kh7 32. Rxg8 Qf4+ 33. Qxf4 g5 34. Qf6 g4 35. Qg7# {Black checkmated} 1-0

[Event "ICCopen2017"]
[Site "Internet Chess Club"]
[Date "2017.03.19"]
[Round "11"]
[White "LiangLiang"]
[Black "Mandragora"]
[Result "0-1"]
[ICCResult "White forfeits on time"]
[WhiteElo "1756"]
[BlackElo "1621"]
[Opening "Sicilian: Najdorf, Byrne (English) attack"]
[ECO "B90"]
[NIC "SI.14"]
[Time "21:14:06"]
[TimeControl "180+0"]

1. e4 c5 2. Nf3 d6 3. d4 cxd4 4. Nxd4 Nf6 5. Nc3 a6 6. Be3 Nc6 7. f3 Bd7 8.
Qd2 Rc8 9. Bc4 b5 10. Bb3 h6 11. h4 b4 12. Nd5 a5 13. Nxf6+ gxf6 14. Nxc6
Bxc6 15. Bd5 Bb5 16. Bxf7+ Kxf7 17. Qd5+ Kg7 18. Qxb5 Rxc2 19. O-O Rg8 20.
Qd3 Qc8 21. Rac1 Rxc1 22. Rxc1 Qe6 23. b3 Kh8 24. Qd2 Qh3 25. Bxh6 Qxh4 26.
Bxf8 Rxf8 27. Qf2 Qxf2+ 28. Kxf2 Kg7 29. Rh1 Rc8 30. Ra1 Rc2+ 31. Kg3 Kg6
32. Kh3 Kg5 33. g3 e5 34. a3 Rb2 35. axb4 axb4 36. Ra6 Rxb3 37. Rxd6 Rxf3
38. Rb6 b3 39. Kg2 Re3 40. Kf2 Rxe4 41. Rxb3 Kg4 42. Rb6 f5 43. Rg6+ Kh5 44.
Rg8 Ra4 45. Rh8+ Kg6 46. Rg8+ Kf7 47. Rg5 Kf6 48. Rh5 Ra2+ 49. Kf3 e4+ 50.
Kf4 Rf2+ 51. Ke3 Rg2 52. Kd4 Rxg3 53. Rh6+ Kg5 54. Re6 Kf4 55. Re8 Rd3+ 56.
Kc4 Rd1 57. Rh8 e3 58. Rh4+ Kf3 59. Rh8 e2 60. Re8 e1=Q 61. Rxe1 Rxe1 62.
Kd5 Kg2 63. Kd4 f4 64. Kd3 f3 {White forfeits on time} 0-1

[Event "ICCopen2017"]
[Site "Internet Chess Club"]
[Date "2017.03.19"]
[Round "11"]
[White "YHWH"]
[Black "iragefree"]
[Result "0-1"]
[ICCResult "White resigns"]
[WhiteElo "1438"]
[BlackElo "1646"]
[Opening "Benkö gambit"]
[ECO "A57"]
[NIC "BI.46"]
[Time "21:15:02"]
[TimeControl "180+0"]

1. d4 Nf6 2. c4 c5 3. d5 b5 4. Nc3 b4 5. Nb1 g6 6. Bg5 Bg7 7. Nd2 O-O 8. Qc2
d6 9. e4 h6 10. Bh4 Nbd7 11. f4 e6 12. Bd3 exd5 13. cxd5 Re8 14. Ngf3 Qb6
15. Bf2 Nxd5 16. O-O Nxf4 17. Bc4 Ba6 18. b3 Bxa1 19. Rxa1 Ne5 20. Nxe5 dxe5
21. Bf1 Rad8 22. Nc4 Qc6 23. g3 Nh5 24. Rc1 Bb7 25. Bg2 Nf6 26. Na5 Qc7 27.
Nxb7 Qxb7 28. Bxc5 Rc8 29. Qf2 Ng4 30. Qe1 Rxc5 31. Rxc5 Qb6 32. Qc1 Rc8 33.
h3 Rxc5 34. Qd1 Rc1+ {White resigns} 0-1

[Event "ICCopen2017"]
[Site "Internet Chess Club"]
[Date "2017.03.19"]
[Round "11"]
[White "zhuzhenghai008"]
[Black "Mercury"]
[Result "0-1"]
[ICCResult "White checkmated"]
[WhiteElo "1858"]
[BlackElo "2196"]
[Opening "King's Indian: 3.g3"]
[ECO "E60"]
[NIC "EO.26"]
[Time "21:14:04"]
[TimeControl "180+0"]

1. d4 Nf6 2. c4 g6 3. g3 Bg7 4. Bg2 O-O 5. Nf3 c5 6. O-O cxd4 7. Nxd4 Nc6 8.
Nc3 Qa5 9. Nc2 d6 10. Rb1 Be6 11. Nd5 Qxa2 12. Bg5 Qxc4 13. Nce3 Qa2 14. Qd2
Nxd5 15. Nxd5 Bf5 16. e4 Be6 17. Nxe7+ Nxe7 18. Bxe7 Rfc8 19. Bxd6 Rd8 20.
e5 Bxe5 21. Ra1 Qb3 22. Ra3 Qb6 23. Qh6 Rxd6 24. Ra4 Bg7 25. Qg5 Rad8 26. h4
h6 27. Qc1 Qxb2 28. Qxb2 Bxb2 29. Rb4 Bd4 30. Rxb7 Bb6 31. h5 gxh5 32. Bf3
Rd3 33. Kg2 Rxf3 34. Re7 Bd5 35. Kh2 Bc5 36. Re5 h4 37. Rd1 hxg3+ 38. fxg3
Rf2+ 39. Kh3 Be6+ 40. g4 Rxd1 41. Rxc5 Rd3+ 42. Kh4 Rh2# {White checkmated}
0-1